 Dungeon Crawl Stone Soup version 0.28-a0-883-gc8d7bad (webtiles) character file.

Game seed: 11816409661628472153

1500 PublicAnimeNo1 the Skirmisher (level 8, -2/60 (71) HPs)
             Began as a Grey Draconian Fire Elementalist on Nov 21, 2021.
             Slain by a wight (6 damage)
             ... on level 7 of the Dungeon.
             The game lasted 00:13:23 (9735 turns).

PublicAnimeNo1 the Skirmisher (DrFE)                Turns: 9735, Time: 00:13:24

HP:   -2/60 (71)    AC: 11    Str: 10    XL:     8   Next: 52%
MP:   3/12          EV: 12    Int: 18    God:
Gold: 270           SH:  6    Dex: 12    Spells: 6/13 levels left

rFire   . . .      SeeInvis .   (no weapon)
rCold   . . .      Faith    .   d - +1 buckler
rNeg    . . .      Spirit   .   (armour unavailable)
rPois   .          Reflect  .   (helmet restricted)
rElec   .          Harm     .   (no cloak)
rCorr   .          Rampage  .   (no gloves)
Will    .....                   (no boots)
Stlth   ++........              (no amulet)
HPRegen 0.20/turn               (no ring)
MPRegen 0.13/turn               (no ring)

@: heavily drained
A: AC +11, amphibious, unfitting armour, cold-blooded
a: no special abilities


You were on level 7 of the Dungeon.
You visited 1 branch of the dungeon, and saw 7 of its levels.

You collected 270 gold pieces.

Inventory:

Armour
 d - a +1 buckler (worn)
 o - a +0 pair of boots
Magical Staves
 l - a staff of air
Jewellery
 p - an amulet of the acrobat
 s - a ring of see invisible
Wands
 r - a wand of digging (4)
Scrolls
 h - 4 scrolls of identify
 i - a scroll of enchant weapon
 m - 2 scrolls of teleportation
 n - 2 scrolls of fear
Potions
 a - a potion of flight
 b - a potion of curing {unknown}
 c - a potion of resistance {unknown}
 e - 2 potions of haste {unknown}
 f - a potion of magic {unknown}
 g - 2 potions of ambrosia {unknown}
 j - 2 potions of attraction {unknown}
 k - 2 potions of might {unknown}
 q - a potion of invisibility {unknown}


   Skills:
 + Level 6.8 Fighting
 - Level 1.7 Dodging
 - Level 1.7 Stealth
 - Level 4.0 Shields
 - Level 3.0 Spellcasting
 + Level 6.4 Conjurations
 - Level 4.0 Fire Magic


You had 6 spell levels left.
You knew the following spells:

 Your Spells              Type           Power      Damage    Failure   Level
a - Foxfire               Conj/Fire      84%        2x1d8     1%          1
b - Scorch                Fire           34%        2d6       4%          2
c - Flame Wave            Conj/Fire      21%        3d6       19%         4

Your spell library contained the following spells:

 Spells                   Type           Power      Damage    Failure   Level
 Conjure Flame            Conj/Fire      21%        6-21      6%          3
 Summon Small Mammal      Summ           8%         N/A       16%         1
 Inner Flame              Hex/Fire       9%         N/A       22%         3
 Call Canine Familiar     Summ           2%         N/A       43%         3
 Summon Guardian Golem    Hex/Summ       2%         N/A       43%         3
 Airstrike                Air            1%         N/A       85%         4
 Animate Dead             Necr           1%         N/A       85%         4
 Borgnjor's Vile Clutch   Necr/Erth      1%         N/A       99%         5
 Conjure Ball Lightning   Conj/Air       7%         3x3d6     100%        6


Dungeon Overview and Level Annotations

Branches:
Dungeon (7/15)
 Temple: D:4-7

Altars:
Qazlal
Yredelemnul

Shops:
D:1 *[([


Innate Abilities, Weirdness & Mutations

Your dull iron-grey scales are very hard. (AC +11)
You are amphibious.
You cannot fit into any form of body armour.
You are cold-blooded and may be slowed by cold attacks.


Message History

The wight barely misses you. The wight closely misses you.
Casting: Foxfire (safe; 1% risk of failure)
Press: ? - help, Q - select action, (/) - cycle Dir - look around, f - activate You conjure some foxfire!
The wight barely misses you. The wight misses you.
The foxfire hits the wight but does no damage.
The wight is severely damaged.
The foxfire hits the wight.
The wight is almost destroyed.
The wight hits you from afar with a +0 halberd.
* * * LOW HITPOINT WARNING * * *
You feel drained.
* * * LOW HITPOINT WARNING * * *
You see here a +0 whip.
Casting: Foxfire (safe; 1% risk of failure)
Press: ? - help, Q - select action, (/) - cycle Dir - look around, f - activate You conjure some foxfire!
The wight misses you.
The wight hits you from afar with a +0 halberd.
* * * LOW HITPOINT WARNING * * *
The foxfire hits the wight.
The wight is almost destroyed.
The foxfire hits the wight but does no damage.
The wight is almost destroyed.
Casting: Foxfire (safe; 1% risk of failure)
Press: ? - help, Q - select action, (/) - cycle Dir - look around, f - activate You conjure some foxfire!
You block the wight's attack.
The wight hits you from afar with a +0 halberd!
* * * LOW HITPOINT WARNING * * *
You feel drained.
The foxfire hits the wight but does no damage.
The wight is almost destroyed.
The foxfire hits the wight.
You destroy the wight!
Casting: Foxfire (safe; 1% risk of failure)
Press: ? - help, Q - select action, (/) - cycle Dir - look around, f - activate You conjure some foxfire!
The wight hits you from afar with a +0 halberd.
You die...

....!...
.......###
####.......
...<.....########
###......).)......
..!.......[#######
#.....z)<....#
#......)####.#
#....@v##
#......v#
........##
.#####..# #..#
+..# #..# #..#


You could see a wight (ally target).

Vanquished Creatures
  Prince Ribbit (D:5)
  2 ice beasts (D:6)
  An ogre (D:6)
  A bullfrog (D:5)
  A scorpion (D:5)
  A water moccasin skeleton (D:6)
  A water moccasin zombie (D:5)
  2 wights
  A centaur skeleton (D:5)
  2 hounds
  2 jellies
  3 orc priests
  A gnoll shaman (D:7)
  3 iguanas
  An orc wizard (D:6)
  A hound skeleton (D:5)
  Robin (D:2)
  A howler monkey zombie (D:6)
  6 gnolls
  2 howler monkey skeletons (D:5)
  8 adders
  A white imp (D:6)
  2 ufetubi
  An adder skeleton (D:4)
  4 worms
  2 dart slugs
  18 orcs
  8 bats
  15 endoplasms
  2 giant cockroaches
  13 goblins
  9 hobgoblins
  4 jackals (D:1)
  4 quokkas
  8 ball pythons
  4 frilled lizards
  15 kobolds
  5 rats
157 creatures vanquished.

Vanquished Creatures (collateral kills)
  A foxfire (D:2)
1 creature vanquished.

Vanquished Creatures (others)
  514 foxfires
  11 fungi (D:2)
  5 toadstools (D:2)
530 creatures vanquished.

Grand Total: 688 creatures vanquished

Notes
Turn   | Place    | Note
-------+----------+-------------------------------------------
     0 | D:1      | PublicAnimeNo1 the Draconian Fire Elementalist began the
                  | quest for the Orb.
     0 | D:1      | Reached XP level 1. HP: 14/14 MP: 3/3
   155 | D:1      | Found Neqo's Jewellery Boutique.
   186 | D:1      | Found Ostrasom's Armour Shop.
   500 | D:1      | Found Usuowam's Assorted Antiques.
   503 | D:1      | Reached XP level 2. HP: 22/22 MP: 3/5
   506 | D:1      | Learned a level 2 spell: Scorch
   613 | D:1      | Found Milykheps's Antique Armour Shoppe.
   917 | D:1      | Found a faded altar of an unknown god.
   920 | D:1      | Reached skill level 1 in Fighting
   958 | D:1      | You fall into a shaft and drop 1 floor!
  1446 | D:1      | Reached XP level 3. HP: 28/28 MP: 3/6
  1548 | D:1      | Found Balaxzuf's Antique Weapon Shop.
  1713 | D:2      | Noticed Robin
  1720 | D:2      | Killed Robin
  1827 | D:2      | Found a basalt altar of Yredelemnul.
  1884 | D:2      | Reached XP level 4. HP: 30/36 MP: 1/7
  3114 | D:2      | Reached skill level 1 in Shields
  3114 | D:2      | Reached XP level 5. HP: 42/42 MP: 1/9
  5390 | D:4      | Reached XP level 6. HP: 27/50 MP: 6/10
  5544 | D:4      | Found a stormy altar of Qazlal.
  6382 | D:5      | Entered Level 5 of the Dungeon
  6639 | D:5      | Learned a level 4 spell: Flame Wave
  6795 | D:5      | Your scales start taking on a dull iron-grey colour.
  6795 | D:5      | Reached XP level 7. HP: 58/58 MP: 6/11
  6983 | D:5      | Noticed Prince Ribbit
  6994 | D:5      | Killed Prince Ribbit
  7324 | D:6      | Reached skill level 5 in Fighting
  7324 | D:6      | Reached skill level 5 in Conjurations
  7587 | D:6      | Reached XP level 8. HP: 69/69 MP: 6/12
  8314 | D:6      | Got the Volume of Unholy Weightlessness
  9735 | D:7      | Slain by a wight

Illustrated notes

Levels and vault maps discovered:
D:1:      dpeg_arrival_water_temple_mockup, layout_loops_corners,
          ebering_ecumenical_altar_abandoned, serial_shops,
          nicolae_lakefront_shop, shop, shop_fountains, shop,
          nicolae_shop_waterfront, minmay_misc_feat_pillars, nrook_mini_vaults
D:2:      cheibrodos_fertilizer, layout_loops_ring, basic_altar,
          minmay_quadrilaterals, uniq_robin
D:3:      layout_basic
D:4:      layout_basic, nicolae_qazlal_scattered_showers,
          mrwooster_statue_mirror
D:5:      layout_rooms, uniq_prince_ribbit1
D:6:      layout_loops_corners, hangedman_abyss_or_decor_stabs
D:7:      minmay_the_grid_triangle_9x9_rhombus_thin
          [minmay_the_grid_triangle_9x9_steps,
          minmay_the_grid_triangle_9x9_prize_top_heavy,
          minmay_the_grid_triangle_9x9_minimal,
          minmay_the_grid_triangle_9x9_cache], layout_basic,
          minmay_temple_entry_proselytizer, serial_shops, kennysheep_mini, shop,
          nicolae_shop_behind_doors, enter_ossuary_2, eino_tiny_chamber

Skill      XL: |  1  2  3  4  5  6  7  8 |
---------------+-------------------------+-----
Fighting       | 1 2 3 5 6 |  6.8
Conjurations   | 2 3 5 6 |  6.4
Shields        | 1 2 4 |  4.0
Spellcasting   | 3 |  3.0
Fire Magic     | 4 |  4.0
Dodging        | |  1.7
Stealth        | |  1.7

Action                   |  1- 3 |  4- 6 |  7- 9 || total
-------------------------+-------+-------+-------++-------
Melee: Unarmed           |    44 |    71 |    24 ||   139
       Tailslap          |     4 |     6 |     2 ||    12
 Cast: Foxfire           |    49 |   156 |   108 ||   313
       Scorch            |     1 |    11 |    11 ||    23
       Flame Wave        |       |       |     3 ||     3
  Use: Scroll            |       |     6 |     1 ||     7
 Stab: Sleeping          |     2 |     2 |       ||     4
Armor: Skin              |    20 |    35 |    25 ||    80
Dodge: Dodged            |    28 |    81 |    48 ||   157
Block: Buckler           |       |    26 |    25 ||    51

Table legend: (Time is in decaauts)
 A = Elapsed time spent in this place.
 B = Non-inter-level travel time spent in this place.
 C = Inter-level travel time spent in this place.
 D = Time resting spent in this place.
 E = Time spent auto-exploring this place.
 F = Levels seen in this place.
 G = Mean time per level.
                   A        B        C        D        E       F      G
               +--------+--------+--------+--------+--------+-----+--------+
         Total |   9742 |   9495 |    247 |   3212 |   4981 |   7 | 1391.7 |
       Dungeon |   9742 |   9495 |    247 |   3212 |   4981 |   7 | 1391.7 |
               +--------+--------+--------+--------+--------+-----+--------+

Top non-repeatable levels by time:
     D:2: 2458 daAuts
     D:6: 2434 daAuts
     D:1: 1863 daAuts
     D:4: 1149 daAuts
     D:3: 916 daAuts
     D:5: 892 daAuts
     D:7: 27 daAuts
